 Dungeon Crawl Stone Soup version 0.19-a0-706-g03de5d9 (webtiles) character file.

35 tyrsky the Ruffian (level 3, -27/31 HPs)
             Began as a Naga Transmuter on June 19, 2016.
             Annihilated by an ogre
             ... wielding a cursed -1 giant spiked club
              (31 damage)
             ... on level 2 of the Dungeon.
             The game lasted 00:02:26 (2028 turns).

tyrsky the Ruffian (Naga Transmuter)                Turns: 2028, Time: 00:02:27

Health: -27/31     AC:  2    Str: 13    XL:     3   Next: 35%
Magic:  6/6        EV: 10    Int: 13    God:
Gold:   29         SH:  0    Dex: 11    Spells: 1 memorised, 5 levels left

rFire  . . .     SeeInvis +       - Unarmed
rCold  . . .     Gourm    .     b - +0 robe
rNeg   . . .     Faith    .     (no shield)
rPois  +         Spirit   .     (no helmet)
rElec  .         Dismiss  .     (no cloak)
rCorr  .         Reflect  .     (no gloves)
SustAt .         Harm     .     (no barding)
MR     .....                    (no amulet)
Stlth  +.........               (no ring)
                                (no ring)

@: very slow, not resistant to hostile enchantments, very unstealthy
A: see invisible, deformed body, poison resistance, slowness 2, slow metabolism
1, spit poison 2, AC +1
a: Spit Poison


You were on level 2 of the Dungeon.
You were not hungry.

You visited 1 branch of the dungeon, and saw 2 of its levels.

You collected 29 gold pieces.

Inventory:

Missiles
 a - 35 arrows
Armour
 b - a +0 robe (worn)
Scrolls
 e - a scroll of remove curse {unknown}
Potions
 g - a potion of cancellation {unknown}
Books
 c - a book of Changes

   Spells                             Type                      Level
   a - Beastly Appendage              Transmutation                1
   b - Sticks to Snakes               Transmutation                2
   c - Spider Form                    Transmutation/Poison         3
   d - Ice Form                       Ice/Transmutation            4
   e - Blade Hands                    Transmutation                5
Comestibles
 d - a bread ration
 f - 2 meat rations


   Skills:
 + Level 1.5 Fighting
 + Level 1.0 Armour
 + Level 1.7 Dodging
 + Level 3.2 Unarmed Combat
 + Level 2.1 Spellcasting
 + Level 2.4 Transmutations


You had 5 spell levels left.
You knew the following spells:

 Your Spells              Type           Power        Failure   Level  Hunger
a - Beastly Appendage     Tmut           #.....       10%         1    ##.....


Dungeon Overview and Level Annotations

Branches:
Dungeon (2/15)

Altars:
Qazlal
Ru
Uskayaw
Xom


Innate Abilities, Weirdness & Mutations

You cannot wear boots.
Your serpentine skin is tough. (AC +1)
You have supernaturally acute eyesight. (SInv)
Armour fits poorly on your strangely shaped body.
Your system is resistant to poisons. (rPois)
You cover ground very slowly.
You have a slow metabolism.
You can spit poison.


Message History

You start resting.
Your horns disappear.
You start resting.
An ogre comes into view. It is wielding a giant spiked club.
The ogre shouts!
A ball python comes into view.
You see here a stone.
You see here a kobold corpse.
You see here a rat corpse.
The ogre barely misses you.
The ogre hits you with a giant spiked club!
* * * LOW HITPOINT WARNING * * *
The ball python bites you but does no damage.
There is a stone staircase leading up, spattered with blood here.
The ball python barely misses you. The ball python bites you.
* * * LOW HITPOINT WARNING * * *
The ogre hits you with a giant spiked club!!
Ouch! That really hurt!
You die...

....S..#..####..........#
#......O..# #..........#
.##........# #........#.##
..#.........##.......#..#
.#...........##.......#..#
............##.<.....#..#
#...........##.......#..#
###.........##SO.....#..#####
#N.............#
........###..........#
........# #.........>#
........# #..........#
........# #..........#
####....# ############ #....#
#....#


You could see an ogre and a ball python.

Vanquished Creatures
  An adder (D:2)
  A dart slug (D:2)
  3 bats (D:1)
  4 hobgoblins (D:1)
  4 kobolds
  6 goblins (D:1)
  5 rats
24 creatures vanquished.

Notes
Turn   | Place    | Note
--------------------------------------------------------------
     0 | D:1      | tyrsky the Naga Transmuter began the quest for the Orb.
     0 | D:1      | Reached XP level 1. HP: 18/18 MP: 3/3
    91 | D:1      | Reached XP level 2. HP: 4/25 MP: 3/5
  1672 | D:2      | Found a stormy altar of Qazlal.
  1676 | D:2      | Found a shimmering altar of Xom.
  1676 | D:2      | Found a hide-covered altar of Uskayaw.
  1715 | D:2      | Reached XP level 3. HP: 18/31 MP: 4/6
  1879 | D:2      | Found a sacrificial altar of Ru.
  1898 | D:2      | Reached skill level 1 in Armour
  2014 | D:2      | Noticed an ogre
  2028 | D:2      | Annihilated by an ogre

Vault maps used:
D:1:      scummos_arrival_gate
D:2:      nicolae_overflow_hidden_temple, gammafunk_temple_overflow_forgotten,
          first_bread, kennysheep_another_room, grunt_decor_resistance,
          minivault_4

Skill      XL: |  1  2  3 |
---------------+----------+-----
Armour         | 1 |  1.0
Fighting       | |  1.5
Dodging        | |  1.7
Unarmed Combat | |  3.2
Spellcasting   | |  2.1
Transmutations | |  2.4

Action                   || total
-------------------------++-------
Melee: Unarmed           ||    98
       Headbutt          ||     6
 Cast: Beastly Appendage ||    20
  Eat: Chunk             ||     2
Armor: Robe              ||    20
Dodge: Dodged            ||    67
